Map: Orbital Shipyard (3.0.5 Balance v1.0)

Players

rxrxYUKI

  • Race: Terran Terran

Player 2 - Winner!

  • Race: Protoss Protoss

VOD

Have the link to the VOD?

Description

Time

  • Played on: Dec. 19, 2015, 8:22 a.m.
  • Length: 1:48
Show
View Real Time Build Order
Export as new Build Order

rxrxYUKI Terran 

Build Orders:  

Get SALT Encoding   

  12  0:04  SCV  
  13  0:16  SCV  
  14  0:24  Supply Depot  
  14  0:28  SCV  
  15  0:46  SCV  
  16  0:53  Barracks  
  16  0:58  SCV  
  17  1:23  SCV  
  18  1:32  Refinery  
Show
View Real Time Build Order
Export as new Build Order

Player 2 Protoss - Winner!

Build Orders:  

Get SALT Encoding   

  12  0:01  Probe (Chrono Boost)  
  13  0:11  Probe (Chrono Boost)  
  14  0:20  Pylon  
  14  0:22  Probe (Chrono Boost)  
  15  0:38  Probe (Chrono Boost)  
  16  0:44  Assimilator  
  16  0:49  Gateway  
  16  0:52  Pylon  
  16  1:17  Assimilator  
  18  1:41  Cybernetics Core  
Tags
 
Add a new tag
Caveats
  • Supply blocks, unpowered buildings, or Contaminate may cause inaccurate times.
  • Supply counts are checked every 10 seconds.